 Dungeon Crawl Stone Soup version 0.20.1-1-g8b1a95d (webtiles) character file.

8344 Swamperka the Cleaver (level 11, -1/102 HPs)
             Began as a Hill Orc Fighter on July 27, 2017.
             Slain by a nine-headed hydra (7 damage)
             ... on level 9 of the Dungeon.
             The game lasted 00:29:14 (7801 turns).

Swamperka the Cleaver (Hill Orc Fighter)            Turns: 7801, Time: 00:29:15

Health: -1/102     AC: 20    Str: 23    XL:     11   Next: 29%
Magic:  11/11      EV:  4    Int:  6    God:    Xom [*.....]
Gold:   594        SH: 17    Dex: 10    Spells: 10/10 levels left

rFire    . . .     SeeInvis .   B - +2 hand axe (elec)
rCold    . . .     Gourm    .   F - +0 large shield
rNeg     . . .     Faith    .   y - +0 plate armour
rPois    +         Spirit   .   (no helmet)
rElec    .         Reflect  .   s - +0 cloak
rCorr    .         Harm     .   C - +2 pair of gloves
MR       .....                  x - +0 pair of boots
Stlth    ..........             (no amulet)
Regen    0.3/turn               (no ring)
MPRegen  0.2/turn               t - ring of poison resistance

@: no status effects
A: deterioration 1, dopey 1
a: Renounce Religion


You were on level 9 of the Dungeon.
You worshipped Xom.
You were a special plaything of Xom.
You were not hungry.

You visited 1 branch of the dungeon, and saw 9 of its levels.

You collected 594 gold pieces.

Inventory:

Hand Weapons
 a - a +0 war axe
 B - a +2 hand axe of electrocution (weapon)
 H - a +0 executioner's axe
 L - a +1 hand axe of flaming
Armour
 b - a +0 scale mail
 c - a +1 shield
 s - a +0 cloak (worn)
 w - the +0 ring mail "Noeqyet" {rPois Int+6}
   (You found it on level 5 of the Dungeon)

   It affects your intelligence (+6).
   It protects you from poison.
 x - a +0 pair of boots (worn)
 y - a +0 plate armour (worn)
 C - a +2 pair of gloves (worn)
 F - a +0 large shield (worn)
Jewellery
 o - an uncursed ring of wizardry
 t - a ring of poison resistance (right hand)
 I - an uncursed ring of fire {unknown}
Wands
 g - a wand of iceblast (7/15)
 u - a wand of polymorph (8/24)
 E - a wand of flame (7/48)
Scrolls
 l - 3 scrolls of recharging
 p - 4 scrolls of teleportation
 r - 5 scrolls of remove curse
 z - a scroll of fog
 G - a scroll of random uselessness {unknown}
 J - a scroll of blinking
 K - a scroll of identify
Potions
 d - 2 potions of degeneration {unknown}
 e - 2 potions of magic
 h - 4 potions of heal wounds
 j - a potion of mutation {unknown}
 m - 2 potions of lignification
 n - 2 potions of flight
 q - 3 potions of haste
 A - a potion of curing {unknown}
 D - a potion of might
Comestibles
 f - 2 meat rations
 i - 19 fruits
 k - 5 royal jellies
 v - 3 bread rations


   Skills:
 + Level 11.0 Fighting
 + Level 11.4 Axes
 + Level 10.1 Armour
 + Level 9.7 Shields


You had 10 spell levels left.
You didn't know any spells.

Dungeon Overview and Level Annotations

Branches:
Dungeon (9/15)             Temple (0/1) D:5
   Lair: D:8-11         Orc: D:9-12

Altars:
Dithmenos
Fedhas
Gozag
Kikubaaqudgha
Makhleb
Nemelex Xobeh
Qazlal
Sif Muna
Trog
Uskayaw
Vehumet
Xom
Zin

Shops:
D:9 ?


Innate Abilities, Weirdness & Mutations

Your body sometimes deteriorates upon taking damage.
You are dopey. (Int -2)


Message History

* * * LOW HITPOINT WARNING * * *
The nine-headed hydra barely misses you.
The nine-headed hydra bites you but does no damage.
You block the nine-headed hydra's attack. x2
The nine-headed hydra barely misses you.
The nine-headed hydra completely misses you.
You block the nine-headed hydra's attack.
The nine-headed hydra bites you but does no damage.
The nine-headed hydra bites you!
* * * LOW HITPOINT WARNING * * *
You block the nine-headed hydra's attack.
The nine-headed hydra bites you but does no damage.
You block the nine-headed hydra's attack. x2
The nine-headed hydra bites you but does no damage.
You block the nine-headed hydra's attack.
The nine-headed hydra bites you!
* * * LOW HITPOINT WARNING * * *
The nine-headed hydra bites you!
You die...
Xom howls with laughter!

(()..........#### #
................ ####
##.............. ###...
#.............###########
#...#.
#.......####..##PP≈P.+).#
#.###.
##......#####.##P≈≈≈≈#.%# #.#
#. ##.........(..#≈.P≈P##'#
#.###.
#.<..#.##..#†#.)..§#§.###.#...
#.........##.@DK..§§§)#..[..#.
#..>...#######...P.'..#...###.
###......#####
#≈....'..#.####..
#............###.....#..#.#
#.#
#..........#..#############
#.#
###......#.##.............#
#.#
##........#..####.#####.####.#
####....#.#.........##
#......#
##..........)((.......#
###..##.


You could see a nine-headed hydra and a big kobold.

Vanquished Creatures
  Erica (D:8)
  2 two-headed ogres
  Joseph (D:7)
  The ghost of vlindergert the Chopper, a novice MiFi (D:4)
  A wind drake (D:9)
  2 dream sheep (D:9)
  2 hippogriffs
  7 yaks (D:9)
  Eustachio (D:5)
  Menkaure (D:5)
  Duvessa (D:7)
  A water moccasin (D:7)
  An orc warrior (D:6)
  A sky beast (D:8)
  A black bear (D:7)
  4 ice beasts
  A phantom (D:9)
  5 centaurs
  2 big kobolds (D:9)
  2 bullfrogs
  Dowan (D:7)
  A wyvern skeleton (D:8)
  2 scorpions
  The ghost of schorsch312 the Slasher, a weakling HOFi (D:3)
  A crimson imp (D:5)
  A quasit (D:6)
  2 bullfrog zombies
  6 bullfrog skeletons
  An orc priest (D:6)
  12 hounds
  8 orc wizards
  Ijyb (D:5)
  2 iguanas
  5 worker ants
  A hound skeleton (D:8)
  A worker ant zombie (D:9)
  3 gnolls (D:6)
  6 adders
  A shadow imp (D:7)
  An ooze (D:5)
  An adder skeleton (D:4)
  4 worms
  A dart slug (D:1)
  8 leopard geckos
  20 orcs
  4 ball pythons
  3 giant cockroaches
  5 goblins
  11 hobgoblins
  16 jackals
  7 kobolds
  4 quokkas
  5 bats
  6 frilled lizards
  A giant cockroach zombie (D:5)
  A quokka zombie (D:6)
  13 rats
205 creatures vanquished.

Vanquished Creatures (collateral kills)
  The ghost of SlightEye the Corrupter of Planes, a novice DsAK of Lugonu (D:7)
  A sky beast (D:8)
2 creatures vanquished.

Vanquished Creatures (others)
  An adder (D:3)
  A goblin (D:3)
  A hobgoblin (D:3)
  2 bats (D:3)
5 creatures vanquished.

Grand Total: 212 creatures vanquished

Notes
Turn   | Place    | Note
-------+----------+-------------------------------------------
     0 | D:1      | Swamperka the Hill Orc Fighter began the quest for the Orb.
     0 | D:1      | Reached XP level 1. HP: 19/19 MP: 1/1
    17 | D:1      | Reached XP level 2. HP: 21/27 MP: 2/2
   206 | D:1      | Reached XP level 3. HP: 33/33 MP: 3/3
   555 | D:2      | Found a shimmering altar of Xom.
   569 | D:2      | Became a worshipper of Xom of Chaos
   993 | D:2      | XOM: divination: magic mapping
  1086 | D:2      | Reached XP level 4. HP: 39/41 MP: 4/4
  1772 | D:3      | Noticed schorsch312's ghost (weakling HOFi)
  1782 | D:3      | Killed schorsch312's ghost
  1782 | D:3      | Reached XP level 5. HP: 23/47 MP: 5/5
  1785 | D:3      | XOM: harmless Erth miscast
  1901 | D:3      | XOM: smoke on damage
  1932 | D:3      | XOM: divination: magic mapping
  2120 | D:3      | Noticed an angel
  2121 | D:3      | Found a glowing silver altar of Zin.
  2413 | D:3      | XOM: divination: detect items
  2497 | D:3      | XOM: divination: detect items
  2671 | D:4      | Reached skill level 5 in Fighting
  2671 | D:4      | Reached XP level 6. HP: 44/56 MP: 6/6
  2783 | D:4      | Noticed vlindergert's ghost (novice MiFi)
  2806 | D:4      | XOM: divination: magic mapping
  2817 | D:4      | XOM: polymorph jackal -> rat
  2819 | D:4      | Killed vlindergert's ghost
  2819 | D:4      | Reached skill level 5 in Axes
  2819 | D:4      | Reached skill level 5 in Armour
  2819 | D:4      | Reached skill level 5 in Shields
  2819 | D:4      | Reached XP level 7. HP: 26/62 MP: 7/7
  3038 | D:4      | XOM is BORED!
  3038 | D:4      | XOM: draining
  3084 | D:4      | XOM: harmless Air miscast
  3455 | D:4      | Found a burning altar of Makhleb.
  3457 | D:4      | Found a radiant altar of Vehumet.
  3457 | D:4      | Found a shadowy altar of Dithmenos.
  3461 | D:4      | Found a bloodstained altar of Trog.
  3692 | D:4      | XOM: stat loss: -1 Int (7/8)
  3799 | D:5      | Entered Level 5 of the Dungeon
  3802 | D:5      | XOM: give mutations
  3802 | D:5      | Gained mutation: Your body sometimes deteriorates upon taking damage. [Xom's mischief]
  3802 | D:5      | Gained mutation: You are dopey. (Int -2) [Xom's mischief]
  3820 | D:5      | Got a warped ring mail
  3834 | D:5      | Reached XP level 8. HP: 28/71 MP: 8/8
  3845 | D:5      | Identified the +0 ring mail "Noeqyet" {rPois Int+6} (You found it on level 5 of the Dungeon)
  4090 | D:5      | Noticed Ijyb
  4111 | D:5      | Killed Ijyb
  4140 | D:5      | Found a staircase to the Ecumenical Temple.
  4301 | D:5      | Noticed Menkaure
  4307 | D:5      | Killed Menkaure
  4543 | D:5      | XOM: 6-stop teleportation journey
  4563 | D:5      | XOM: harmless Fire miscast
  4738 | D:5      | Found an ancient bone altar of Kikubaaqudgha.
  4743 | D:5      | Noticed Eustachio
  4747 | D:5      | XOM: potion effect (brilliance)
  4776 | D:5      | XOM: harmless Chrm miscast
  4783 | D:5      | Killed Eustachio
  4856 | D:5      | XOM: harmless Air miscast
  4868 | D:5      | XOM: harmless Conj miscast
  4957 | D:6      | XOM: harmless Summ miscast
  5050 | D:6      | XOM: noise
  5095 | D:6      | Reached XP level 9. HP: 79/79 MP: 9/9
  5105 | D:6      | XOM: noise
  5176 | D:6      | XOM: 6-stop teleportation journey
  5212 | D:6      | Found a sparkling altar of Nemelex Xobeh.
  5729 | D:6      | XOM is BORED!
  5729 | D:6      | XOM: summons 1 hostile demon
  5862 | D:7      | Noticed Joseph
  5887 | D:7      | Killed Joseph
  5927 | D:7      | XOM: chaos upgrade
  5928 | D:7      | Found a blossoming altar of Fedhas.
  5928 | D:7      | XOM: swap monsters
  5951 | D:7      | Noticed SlightEye's ghost (novice DsAK)
  5953 | D:7      | XOM: summons 4 hostile demons
  5955 | D:7      | XOM: polymorph crimson imp -> white imp
  5963 | D:7      | XOM: noise
  5985 | D:7      | XOM: confuse monster(s)
  5996 | D:7      | XOM: summons 2 friendly demons
  6004 | D:7      | Killed SlightEye's ghost
  6090 | D:7      | Noticed Duvessa
  6091 | D:7      | Noticed Dowan
  6109 | D:7      | Killed Duvessa
  6120 | D:7      | Reached XP level 10. HP: 85/91 MP: 10/10
  6121 | D:7      | Killed Dowan
  6398 | D:8      | Found a deep blue altar of Sif Muna.
  6493 | D:8      | Noticed a two-headed ogre
  6500 | D:8      | XOM: smoke on damage
  6501 | D:8      | Killed a two-headed ogre
  6501 | D:8      | Reached skill level 10 in Axes
  6528 | D:8      | Found an opulent altar of Gozag.
  6615 | D:8      | XOM: 5-stop teleportation journey
  6626 | D:8      | Noticed Erica
  6645 | D:8      | Killed Erica
  6695 | D:8      | XOM: noise
  6874 | D:8      | Reached skill level 10 in Fighting
  7096 | D:9      | XOM: cloud trail
  7115 | D:9      | Found Sigru's Magic Scroll Emporium.
  7173 | D:9      | Noticed a two-headed ogre
  7190 | D:9      | Killed a two-headed ogre
  7201 | D:9      | XOM: harmless Chrm miscast
  7417 | D:9      | XOM: summons 1 hostile demon
  7450 | D:9      | XOM: 1-stop teleportation journey
  7475 | D:9      | XOM: 8-stop teleportation journey
  7512 | D:9      | XOM: polymorph yak -> wind drake
  7513 | D:9      | XOM: fake destruction
  7521 | D:9      | XOM: cast spell 'Chain of Chaos'
  7529 | D:9      | Reached XP level 11. HP: 94/101 MP: 11/11
  7567 | D:9      | Found a hide-covered altar of Uskayaw.
  7574 | D:9      | XOM: summons 1 hostile demon
  7668 | D:9      | Found a stormy altar of Qazlal.
  7709 | D:9      | Reached skill level 10 in Armour
  7785 | D:9      | Noticed a two-headed hydra
  7795 | D:9      | XOM: smoke on damage
  7797 | D:9      | XOM: enchant monster (bad)
  7801 | D:9      | Slain by a nine-headed hydra

Skill      XL: |  1  2  3  4  5  6  7  8  9 10 11 |
---------------+----------------------------------+-----
Axes           | 3 4 5 6 7 9 11 | 11.4
Fighting       | 4 5 6 7 9 10 11 | 11.0
Shields        | 4 5 6 8 9 |  9.7
Armour         | 4 5 6 7 8 9 10 | 10.1

Action                   |  1- 3 |  4- 6 |  7- 9 | 10-12 || total
-------------------------+-------+-------+-------+-------++-------
Melee: War axe           |   107 |   200 |   269 |       ||   576
       Hand axe          |       |       |   100 |   239 ||   339
       Executioner's axe |       |       |       |    11 ||    11
  Use: Scroll            |     3 |     5 |     5 |     2 ||    15
       Potion            |       |     2 |     1 |       ||     3
 Stab: Confused          |       |       |     1 |       ||     1
  Eat: Bread ration      |     1 |       |     1 |       ||     2
       Chunk             |       |     2 |     1 |     1 ||     4
       Meat ration       |       |       |     1 |       ||     1
       Royal jelly       |       |       |     1 |     2 ||     3
Armor: Scale mail        |    52 |    52 |    34 |       ||   138
       Skin              |       |    16 |       |       ||    16
       Ring mail         |       |       |    59 |       ||    59
       Plate armour      |       |       |    73 |   114 ||   187
Dodge: Dodged            |    34 |    43 |   108 |    28 ||   213
Block: Shield            |    64 |   107 |   217 |    38 ||   426
       Large shield      |       |       |       |    96 ||    96
